 Dungeon Crawl Stone Soup version 0.30.1-3-gfc49f6343a (webtiles) character file.

Game seed: 14103784772382852180

13682 Atelerd the Unseen (level 12, -6/72 HPs)
             Began as an Octopode Earth Elementalist on July 25, 2023.
             Mangled by a yak (14 damage)
             ... led by a torpor snail
             ... on level 1 of the Lair of Beasts.
             The game lasted 00:35:05 (15594 turns).

Atelerd the Unseen (Octopode Earth Elementalist)   Turns: 15594, Time: 00:35:06

Health: -6/72      AC:  1    Str:  8    XL:     12   Next: 8%
Magic:  20/26      EV: 16    Int: 20    God:
Gold:   643        SH:  0    Dex: 14    Spells: 24/31 levels left

rFire   . . .        G - +2 rapier (speed)
rCold   + . .        e - orb {guile}
rNeg    . . .        (helmet restricted)
rPois   .            m - amulet of regeneration
rElec   .            o - ring of see invisible
rCorr   .            A - ring of protection from cold
SInv    +            (no ring)
Will    .....        (no ring)
Stlth   +++          (no ring)
HPRegen 1.12/turn    (no ring)
MPRegen 0.20/turn    (no ring)
                     (no ring)

%: no passive effects
@: confused, ambrosia-drunk, slowed, very slow
A: almost no armour, amphibious, 8 rings, camouflage 1, gelatinous body 1,
(nimble swimmer 1), tentacles
a: no special abilities


You were on level 1 of the Lair of Beasts.
You visited 3 branches of the dungeon, and saw 12 of its levels.
You also visited: Ossuary.

You collected 838 gold pieces.
You spent 195 gold pieces at shops.

Inventory:

Hand Weapons
 G - a +2 rapier of speed (weapon)
 L - the +7 trident of Wimustrer {speed, Drain Will+ Str+7 Stlth+}
   (You took it off an orc on level 9 of the Dungeon)

   Str:       It affects your strength (+7).
   Drain:     It drains your maximum health when unequipped.
   Will:      It increases your willpower.
   Stlth:     It makes you more stealthy.
Missiles
 n - 2 throwing nets
Armour
 e - an orb of guile (worn)
 l - a +0 buckler
 N - a +2 hat
Jewellery
 m - an amulet of regeneration (around mantle)
 o - a ring of see invisible (left tentacle)
 z - a ring of ice
 A - a ring of protection from cold (right tentacle)
 H - a ring of fire
Wands
 i - a wand of iceblast (5)
 j - a wand of charming (23)
 p - a wand of mindburst (2)
 E - a wand of polymorph (7)
 M - a wand of flame (5)
Scrolls
 a - 3 scrolls of noise
 b - 3 scrolls of enchant armour {unknown}
 f - a scroll of fog
 k - a scroll of vulnerability
 s - 4 scrolls of teleportation
 v - 2 scrolls of magic mapping
 w - a scroll of amnesia {unknown}
 x - 2 scrolls of butterflies {unknown}
 y - 2 scrolls of enchant weapon {unknown}
 C - a scroll of immolation {unknown}
 I - 2 scrolls of poison
 J - 2 scrolls of blinking {unknown}
Potions
 c - a potion of attraction {unknown}
 d - 3 potions of ambrosia
 g - 2 potions of mutation {unknown}
 h - a potion of cancellation
 q - a potion of invisibility {unknown}
 r - 2 potions of flight {unknown}
 t - 4 potions of degeneration
 u - 3 potions of heal wounds
 B - 10 potions of curing
 D - 2 potions of haste {unknown}
 F - a potion of berserk rage {unknown}
 K - 2 potions of lignification


   Skills:
 - Level 3.0 Fighting
 - Level 3.0 Short Blades
 - Level 7.0 Dodging
 + Level 15.2 Stealth
 - Level 1.0 Shields
 - Level 0.4 Unarmed Combat
 + Level 10.2 Spellcasting
 - Level 4.0 Transmutations
 - Level 8.0 Earth Magic


You had 24 spell levels left.
You knew the following spells:

 Your Spells              Type           Power      Damage    Failure   Level
a - Sandblast             Erth           84%        2d18      1%          1
c - Blink                 Tloc           20%        N/A       11%         2
p - Petrify               Tmut/Erth      34%        N/A       6%          4

Your spell library contained the following spells:

 Spells                   Type           Power      Damage    Failure   Level
 Passwall                 Tmut/Erth      28%        N/A       1%          2
 Stone Arrow              Conj/Erth      52%        3d10      4%          3
 Freeze                   Ice            40%        1d6       7%          1
 Lesser Beckoning         Tloc           20%        N/A       11%         2
 Momentum Strike          Conj/Tloc      20%        3d8       11%         2
 Frozen Ramparts          Ice            20%        1d4       21%         3
 Gell's Gravitas          Tloc           10%        N/A       21%         3
 Hailstorm                Conj/Ice       10%        3d5       21%         3
 Ozocubu's Armour         Ice            10%        N/A       21%         3
 Teleport Other           Tloc           10%        N/A       21%         3
 Vhi's Electric Charge    Tloc/Air       20%        N/A       21%         3
 Ice Form                 Ice/Tmut       18%        N/A       30%         4
 Summon Ice Beast         Ice/Summ       10%        N/A       56%         4
 Arcjolt                  Conj/Air       5%         1d15      88%         5
 Dispersal                Tloc           5%         N/A       100%        6
 Plasma Beam              Fire/Air       5%         2x1d17    100%        6
 Ozocubu's Refrigeration  Ice            5%         4d8       100%        7


Dungeon Overview and Level Annotations

Branches:
Dungeon (10/15)            Temple (1/1) D:4            Lair (1/5) D:10
Ossuary (visited)
    Orc: D:9-12

Altars:
Ashenzari
Cheibriados
Dithmenos
Elyvilon
Fedhas
Hepliaklqana
Kikubaaqudgha
Makhleb
Nemelex Xobeh
Okawaru
Qazlal
Ru
Trog
Uskayaw
Vehumet
Wu Jian
Xom
Yredelemnul
Zin
The Shining One

Shops:
D:8 [!(

Annotations:
D:3 1 runed translucent door, Crazy Yiuf
D:8 2 runed translucent doors


Innate Abilities, Weirdness & Mutations

You cannot wear most types of armour.
You are amphibious.
You can wear up to eight rings at the same time.
Your skin changes colour to match your surroundings (Stealth+).
Your rubbery body absorbs attacks. (AC +1, EV +1)
((You are camouflaged when in or above water. (Stealth+)))
You have tentacles for arms and can constrict up to eight enemies at once.


Message History

Confirm with . or Enter, or press ? or * to list all spells.
Aiming: Petrify (dangerous; 6% risk of failure)
Press: ? - help, Shift-Dir - straight line, f/p - torpor snail
Aim: a torpor snail (petrifying slowly, chance to affect: 78%)
Okay, then.
Casting: Petrify (dangerous; 6% risk of failure)
Confirm with . or Enter, or press ? or * to list all spells.
Aiming: Sandblast (safe; 1% risk of failure)
Press: ? - help, Shift-Dir - straight line, f - yak, p - torpor snail
Aim: a yak (almost dead, 91% to hit)
The blast of sand hits the yak.
You kill the yak!
The torpor snail bites you. The torpor snail bites you!
The yak closely misses you.
Casting: Sandblast (safe; 1% risk of failure)
Confirm with . or Enter, or press ? or * to list all spells.
Aiming: Petrify (dangerous; 6% risk of failure)
Press: ? - help, Shift-Dir - straight line, f - torpor snail
Aim: a torpor snail (petrifying slowly, chance to affect: 78%) Nothing appears to happen.
The yak gores you! The yak gores you.
Unknown command.
Unknown command.
Casting: Petrify (dangerous; 6% risk of failure)
Confirm with . or Enter, or press ? or * to list all spells.
Aiming: Petrify (dangerous; 6% risk of failure)
Press: ? - help, Shift-Dir - straight line, f - yak, p - torpor snail
Aim: a yak (moderately wounded, chance to affect: 78%)
The yak is moving more slowly.
The yak gores you!
* * * LOW HITPOINT WARNING * * *
Unknown command.
Unknown command.
You are confused.
You feel invigorated. The yak gores you!
* * * LOW HITPOINT WARNING * * *
The yak gores you.
* * * LOW HITPOINT WARNING * * *
You hit the yak but do no damage. Your squeeze misses the yak.
The yak is moderately wounded.
The yak gores you!
You die...

#.............##P............#
##.....####...........###...##
P#.....# ###........### #..#
......## #.#........# #.#
.......###.........## .#
#.............##...### .##
##.....†....##.##....# ....
##.....#....# #.#w...#####....
......##....# ##@Y.....#......
#....###P...###..[#...........
#...## ##....#...###.....###
P...# #......P## ###..#.#
....## ###.....## #..# #
.....###.....### #..#
[...........## ##†####...
............## #.........
.......####..# ##.P.......


You could see a torpor snail (petrified) and a yak (petrifying).

Vanquished Creatures
  Gastronok (D:10)
  3 two-headed ogres
  A centaur zombie (D:10)
  Maggie (D:6)
  A centaur skeleton (D:10)
  2 cane toads (Lair:1)
  A komodo dragon (D:10)
  Prince Ribbit (D:7)
  3 hellwings (D:10)
  Grinder (D:6)
  2 hornets
  Eustachio (D:6)
  A wyvern (D:10)
  2 basilisks (D:10)
  11 yaks
  Grum (D:9)
  A steam dragon (D:9)
  Menkaure (D:4)
  An acid dragon (D:10)
  7 water moccasins
  3 ogres
  3 orc warriors
  A black bear (D:8)
  A sky beast (D:7)
  2 wolves (D:9)
  4 centaurs
  2 phantoms
  4 kobold brigands
  A bullfrog (D:8)
  11 scorpions
  14 wights
  3 killer bees (D:8)
  3 howler monkeys
  A hound (D:3)
  A gnoll bouda (D:3)
  A human zombie (Ossuary)
  2 iguanas
  5 orc priests
  A jelly (D:8)
  2 sleepcaps
  5 scorpion zombies (Ossuary)
  5 orc wizards
  A boggart skeleton (D:10)
  3 mummies (Ossuary)
  10 gnolls
  10 adders
  A shadow imp (D:6)
  3 white imps
  An ufetubus (D:6)
  A worm (D:3)
  2 dart slugs
  31 orcs
  10 bats
  4 endoplasms
  5 giant cockroaches
  2 gnoll zombies (Ossuary)
  6 hobgoblins
  6 jackals
  30 kobolds
  5 quokkas
  5 ball pythons
  2 frilled lizards
  10 goblins
  3 goblin zombies (Ossuary)
  2 hobgoblin zombies (Ossuary)
  2 kobold zombies (Ossuary)
  2 orc zombies (Ossuary)
  7 rats
282 creatures vanquished.

Vanquished Creatures (collateral kills)
  A centaur (D:7)
1 creature vanquished.

Grand Total: 283 creatures vanquished

Notes
Turn   | Place    | Note
-------+----------+-------------------------------------------
     0 | D:1      | Atelerd the Octopode Earth Elementalist began the quest for
                  | the Orb.
     0 | D:1      | Reached XP level 1. HP: 11/11 MP: 3/3
   118 | D:1      | Reached XP level 2. HP: 14/17 MP: 3/5
   295 | D:2      | Reached XP level 3. HP: 11/21 MP: 1/6
   889 | D:2      | Reached XP level 4. HP: 24/27 MP: 4/8
  1040 | D:2      | Found a faded altar of an unknown god.
  1656 | D:3      | Found a bloodstained altar of Trog.
  1807 | D:3      | Found a runed translucent door.
  1809 | D:3      | Noticed Crazy Yiuf
  1990 | D:3      | Reached XP level 5. HP: 25/31 MP: 4/9
  2335 | D:3      | Reached skill level 5 in Earth Magic
  2383 | D:3      | Reached XP level 6. HP: 36/36 MP: 1/11
  3539 | D:4      | Found a staircase to the Ecumenical Temple.
  3575 | D:4      | Noticed Menkaure
  3584 | D:4      | Learned a level 4 spell: Petrify
  3603 | D:4      | Killed Menkaure
  3604 | D:4      | Reached skill level 3 in Stealth
  3625 | D:4      | Found a sand-covered staircase.
  3630 | Ossuary  | Entered an ossuary
  3762 | Ossuary  | Reached skill level 4 in Stealth
  3762 | Ossuary  | Reached XP level 7. HP: 36/41 MP: 2/13
  4074 | Ossuary  | Reached skill level 5 in Stealth
  4405 | Ossuary  | Reached skill level 5 in Spellcasting
  4451 | Ossuary  | Reached XP level 8. HP: 46/46 MP: 11/16
  5520 | Temple   | Entered the Ecumenical Temple
  5872 | D:5      | Entered Level 5 of the Dungeon
  6315 | D:5      | Found a snail-covered altar of Cheibriados.
  6555 | D:5      | Reached XP level 9. HP: 35/51 MP: 18/21
  6888 | D:6      | Noticed a two-headed ogre
  6902 | D:6      | Killed a two-headed ogre
  6933 | D:6      | Noticed Maggie
  6964 | D:6      | Killed Maggie
  6965 | D:6      | Reached skill level 1 in Short Blades
  7031 | D:6      | Reached skill level 6 in Stealth
  7368 | D:6      | Reached skill level 10 in Spellcasting
  7501 | D:6      | Noticed Eustachio
  7518 | D:6      | Killed Eustachio
  7519 | D:6      | Reached skill level 7 in Stealth
  7741 | D:6      | Reached XP level 10. HP: 56/56 MP: 20/24
  7962 | D:6      | Noticed Grinder
  7973 | D:6      | Killed Grinder
  8417 | D:7      | Found a sparkling altar of Nemelex Xobeh.
  8524 | D:7      | Noticed a +0 dagger
  8526 | D:7      | Noticed a +0 spear
  8526 | D:7      | Noticed a +0 short sword
  8528 | D:7      | Noticed a +0 dagger
  8528 | D:7      | Noticed a +0 short sword
  8529 | D:7      | Noticed a +0 falchion
  8529 | D:7      | Noticed a +0 spear
  8530 | D:7      | Noticed a +0 falchion
  8543 | D:7      | Found a hide-covered altar of Uskayaw.
  9029 | D:7      | Noticed Prince Ribbit
  9044 | D:7      | Killed Prince Ribbit
  9045 | D:7      | Reached skill level 5 in Dodging
  9108 | D:7      | Reached skill level 1 in Fighting
  9233 | D:8      | Found Fuxku's Antique Armour Shop.
 10154 | D:8      | Found a large runed translucent door.
 10154 | D:8      | Found a large runed translucent door.
 10411 | D:8      | Found Ubeytzir's Distillery.
 10415 | D:8      | Bought a potion of degeneration for 15 gold pieces
 10415 | D:8      | Bought a potion of curing for 45 gold pieces
 10415 | D:8      | Bought a potion of curing for 45 gold pieces
 10415 | D:8      | Bought a potion of curing for 45 gold pieces
 10415 | D:8      | Bought a potion of curing for 45 gold pieces
 10429 | D:8      | Found Uled's Antique Weapon Boutique.
 11072 | D:9      | Reached skill level 8 in Stealth
 11602 | D:9      | Noticed a two-headed ogre
 11615 | D:9      | Killed a two-headed ogre
 11801 | D:9      | Noticed a rakshasa
 11806 | D:9      | Noticed a cyan ugly thing
 11806 | D:9      | Noticed a boulder beetle
 11806 | D:9      | Identified the +7 quarterstaff of Terror {flame, rElec rF+
                  | Str+3 Int-4}
 11839 | D:9      | Reached skill level 9 in Stealth
 11839 | D:9      | Reached XP level 11. HP: 51/67 MP: 19/25
 11895 | D:9      | Noticed a wizard
 11896 | D:9      | Noticed a manticore
 11897 | D:9      | Noticed a two-headed ogre
 11906 | D:9      | Noticed a seven-headed hydra
 11917 | D:9      | Noticed a cyclops
 11961 | D:9      | Noticed Grum
 12097 | D:9      | Killed Grum
 12116 | D:9      | Found a shimmering altar of Xom.
 12116 | D:9      | Found a shimmering altar of Xom.
 12117 | D:9      | Found a shimmering altar of Xom.
 12117 | D:9      | Found a shimmering altar of Xom.
 12117 | D:9      | Found a shimmering altar of Xom.
 12174 | D:9      | Noticed a salamander
 12468 | D:9      | Identified the +7 trident of Wimustrer {speed, Drain Will+
                  | Str+7 Stlth+}
 12572 | D:10     | Entered Level 10 of the Dungeon
 12865 | D:10     | Found an iron altar of Okawaru.
 12976 | D:10     | Reached skill level 10 in Stealth
 13220 | D:10     | Found a radiant altar of Vehumet.
 13265 | D:10     | Noticed Gastronok
 13787 | D:10     | Reached skill level 11 in Stealth
 13927 | D:10     | Found the +4 Cigotuvi's embrace {Corpsefed rMiasma Drain
                  | rN+}
 14041 | D:10     | Killed Gastronok
 14042 | D:10     | Reached skill level 12 in Stealth
 14335 | D:10     | Reached skill level 13 in Stealth
 14445 | D:10     | Noticed a two-headed ogre
 14597 | D:10     | Killed a two-headed ogre
 14706 | D:10     | Reached skill level 14 in Stealth
 14843 | D:10     | Learned a level 2 spell: Blink
 14858 | D:10     | Found a staircase to the Lair.
 14929 | Lair:1   | Entered Level 1 of the Lair of Beasts
 15078 | Lair:1   | Reached skill level 15 in Stealth
 15078 | Lair:1   | Reached XP level 12. HP: 72/72 MP: 9/26
 15197 | Lair:1   | Reached skill level 1 in Shields
 15593 | Lair:1   | HP: 2/72 [yak[a torpor snail] (4)]
 15594 | Lair:1   | Mangled by a yak

Illustrated notes

Levels and vault maps discovered:
D:1:      lightli_arrival_isolated_outpost, layout_basic
D:2:      layout_basic, hellmonk_ecumenical_altar_heavens_door
D:3:      layout_loops_ring, trog_hazing_becter, st_stairs_8,
          uniq_crazy_yiuf_cottage
D:4:      layout_loops_cross, minmay_temple_entry_mist,
          nicolae_ossuary_entry_plus, uniq_menkaure
D:5:      layout_basic, mainiacjoe_overflow_brackets
D:6:      layout_basic, uniq_maggie, uniq_grinder, uniq_eustachio
D:7:      layout_basic, nemelex_xobeh_ov_fountains_minmay,
          nicolae_uskayaw_en_pointe, uniq_prince_ribbit1
D:8:      layout_layer_cave, jmf_multi_god_temple2, serial_shops, shop,
          nicolae_shop_pleasant_corner_grove, nicolae_shop_window_shopping
D:9:      layout_stronghold, xom_shifter_show, roderic_serpentine_path,
          minivault_12, uniq_grum
D:10:     layout_roguey, mainiacjoe_overflow_small_starburst,
          vehumet_altar_wand_db, erik_lair_dragon,
          hellmonk_guarded_unrand_cigotuvi, uniq_gastronok
Temple:   dshaligram_water_room_temple
Lair:1:   layout_layer_cave, infiniplex_staircase_pool_2

Skill      XL: |  1  2  3  4  5  6  7  8  9 10 11 12 |
---------------+-------------------------------------+-----
Earth Magic    | 4 5 6 7 8 |  8.0
Spellcasting   | 3 4 5 8 10 | 10.2
Stealth        | 4 5 7 9 15 | 15.2
Transmutations | 3 4 |  4.0
Short Blades   | 3 |  3.0
Dodging        | 6 7 |  7.0
Fighting       | 3 |  3.0
Shields        | 1 |  1.0
Unarmed Combat | |  0.4

Action                     |  1- 3 |  4- 6 |  7- 9 | 10-12 || total
---------------------------+-------+-------+-------+-------++-------
  Melee: Unarmed           |    18 |       |       |       ||    18
         Tentacles         |     4 |     4 |    24 |    44 ||    76
         Constrict         |     4 |     7 |    24 |    32 ||    67
         Punch             |     1 |       |     2 |     2 ||     5
         Rapier            |       |    26 |    81 |   162 ||   269
   Cast: Sandblast         |    33 |    89 |   130 |   148 ||   400
         Petrify           |       |     2 |    25 |   108 ||   135
  Evoke: Wand              |       |       |    14 |    10 ||    24
    Use: Potion            |     1 |     2 |     5 |     2 ||    10
         Scroll            |       |       |     2 |     9 ||    11
   Stab: Sleeping          |       |     1 |     6 |    10 ||    17
         Petrified         |       |     6 |    45 |   104 ||   155
         Distracted        |       |       |     1 |       ||     1
         Petrifying        |       |       |       |     5 ||     5
 Armour: Skin              |    12 |     2 |     4 |     6 ||    24
  Dodge: Dodged            |    23 |    43 |    89 |   153 ||   308
